 Dungeon Crawl Stone Soup version 0.30.1-9-gdf580d7c3d (webtiles) character file.

Game seed: 18327038343498036175

29 monsoonserge the Slasher (level 3, -2/33 HPs)
             Began as a Meteoran Monk on Oct 18, 2023.
             Frozen to death by an endoplasm (5 damage)
             ... on level 1 of the Dungeon.
             The game lasted 00:01:15 (196 turns).

monsoonserge the Slasher (Meteoran Monk)             Turns: 196, Time: 00:01:16

Health: -2/33      AC:  2    Str: 12    XL:     3   Next: 52%
Magic:  4/4        EV: 14    Int: 12    God:
Gold:   32         SH:  0    Dex: 18    Spells: 2/2 levels left

rFire   . . .        a - +0 falchion
rCold   . . .        d - orb {light}
rNeg    . . .        b - +0 robe
rPois   .            (no helmet)
rElec   .            (no cloak)
rCorr   .            (no gloves)
SInv    .            (no boots)
Will    .....        (no amulet)
Stlth   +            (no ring)
HPRegen 0.25/turn    (no ring)
MPRegen 0.09/turn

%: no passive effects
@: glowing
A: sense surroundings 1, otherworldly, glowing, explore regen
a: no special abilities


You were on level 1 of the Dungeon.
You visited 1 branch of the dungeon, and saw 1 of its levels.

You collected 32 gold pieces.

Inventory:

Hand Weapons
 a - a +0 falchion (weapon)
Armour
 b - a +0 robe (worn)
 d - an orb of light (worn)
Scrolls
 f - a scroll of poison {unknown}
 g - a scroll of identify {unknown}
Potions
 c - a potion of ambrosia
 e - a potion of heal wounds {unknown}


   Skills:
 + Level 3.7 Fighting
 + Level 4.2 Long Blades
 + Level 4.1 Dodging


You had 2 spell levels left.
You didn't know any spells.
Your spell library was empty.

Dungeon Overview and Level Annotations

Branches:
Dungeon (1/15) Zot: 395

Altars:


Innate Abilities, Weirdness & Mutations

You passively map a small area around you.
You are easily found by Zot.
You glow in the dark.
You regain HP and MP as you explore.


Message History

You kill the jackal!
The kobold throws a stone.
The stone hits you.
* * * LOW HITPOINT WARNING * * *
The kobold barely misses you.
You slash the kobold!
You kill the kobold!
Press: ? - help, v - describe, . - travel, g - get item
Items here: a +0 whip; 5 stones.
The floor.
This square is lit by a halo.
Press: ? - help, v - describe, . - travel, g - get item
Items here: )) ††††††.
The floor.
This square is lit by a halo.
Items here: )) ††††††.
An endoplasm comes into view.
Found 2 gold pieces.
The endoplasm quivers.
Found 12 gold pieces.
The hobgoblin shouts!
You see here 2 gold pieces.
You now have 32 gold pieces (gained 2).
The hobgoblin hits you with a +0 club.
You barely miss the hobgoblin. The hobgoblin hits you with a +0 club.
You hit the hobgoblin.
The hobgoblin is moderately wounded.
The endoplasm hits you.
* * * LOW HITPOINT WARNING * * *
The hobgoblin misses you.
You hit the hobgoblin but do no damage.
The hobgoblin is moderately wounded.
The hobgoblin hits you with a +0 club.
* * * LOW HITPOINT WARNING * * *
The endoplasm freezes you.
You are frozen.
* * * LOW HITPOINT WARNING * * *
You hit the hobgoblin.
You kill the hobgoblin!
The endoplasm freezes you.
You are frozen.
You die...

* * ,.....# , .....## **
#### *#.....### ##.
####... #.......####..
#...... ,.
##.....$.....###....~~
..#...................~≈
,
.................#....≈≈
......)@J........#....~≈
*
,......................~~
*
......................~≈
*
##....................~≈
##.............#.....~≈
##..................~≈
#$.##.......##.#....~≈
.........###..#......~≈
##.......####........~≈


You could see an endoplasm.

Vanquished Creatures
  A dart slug (D:1)
  2 ball pythons (D:1)
  2 endoplasms (D:1)
  A giant cockroach (D:1)
  3 goblins (D:1)
  2 hobgoblins (D:1)
  5 jackals (D:1)
  A kobold (D:1)
  2 quokkas (D:1)
  A bat (D:1)
  A frilled lizard (D:1)
  3 rats (D:1)
24 creatures vanquished.

Notes
Turn   | Place    | Note
-------+----------+-------------------------------------------
     0 | D:1      | monsoonserge the Meteoran Monk began the quest for the Orb.
     0 | D:1      | Reached XP level 1. HP: 19/19 MP: 2/2
   102 | D:1      | Reached XP level 2. HP: 16/26 MP: 3/3
   157 | D:1      | Reached XP level 3. HP: 15/31 MP: 4/4
   196 | D:1      | Frozen to death by an endoplasm

Illustrated notes

Levels and vault maps discovered:
D:1:      dpeg_arrival_castle, layout_rooms, patterned_corridor

Skill      XL: |  1  2 |
---------------+-------+-----
Long Blades    | 4 |  4.2
Dodging        | 4 |  4.1
Fighting       | |  3.7

Action                     || total
---------------------------++-------
  Melee: Falchion          ||    56
 Armour: Robe              ||    16
  Dodge: Dodged            ||    33
